 Dungeon Crawl Stone Soup version 0.24-a0-618-ge4662a2d14 (webtiles) character file.

Game seed: 9169272031642407880, levelgen mode: deterministic

182 Elminster the Digger (level 5, 0/42 HPs)
             Began as a Deep Dwarf Earth Elementalist on Sept 15, 2019.
             Killed from afar by an orc wizard (9 damage)
             ... with a magic dart
             ... on level 4 of the Dungeon.
             The game lasted 00:11:35 (1342 turns).

Elminster the Digger (DDEE)                         Turns: 1342, Time: 00:11:36

Health: 0/42       AC:  3    Str: 12    XL:     5   Next: 35%
Magic:  4/8        EV: 12    Int: 16    God:
Gold:   195        SH:  0    Dex: 13    Spells: 6/9 levels left

rFire    x . .     SeeInvis .   i - +0 dagger (curse)
rCold    + . .     Gourm    .   (no shield)
rNeg     . . .     Faith    .   g - +0 leather armour
rPois    .         Spirit   .   (no helmet)
rElec    .         Reflect  .   (no cloak)
rCorr    .         Harm     .   (no gloves)
MR       .....     Rnd*Tele +   (no boots)
Stlth    ++........             (no amulet)
HPRegen  0.00/turn              j - ring of teleportation (curse) {+/*tele, !d}
MPRegen  0.11/turn              m - ring of ice {rC+, rF-}

@: flying, non-regenerating
A: damage resistance, heal wounds, sense surroundings 1, no regeneration
a: Heal Wounds


You were on level 4 of the Dungeon.
You were not hungry.

You visited 1 branch of the dungeon, and saw 4 of its levels.

You collected 195 gold pieces.

Inventory:

Hand Weapons
 i - a cursed +0 dagger (weapon)
   (You found it on level 1 of the Dungeon)
Missiles
 b - 32 stones (quivered)
Armour
 g - a +0 leather armour (worn)
   (You found it on level 2 of the Dungeon)
 h - a +0 buckler
   (You found it on level 3 of the Dungeon)
Jewellery
 j - a cursed ring of teleportation (left hand) {+/*tele, !d}
   (You found it on level 1 of the Dungeon)
 m - a ring of ice (right hand) {rC+, rF-}
   (You found it on level 2 of the Dungeon)
Scrolls
 a - 3 scrolls of teleportation {unknown}
 c - a scroll of remove curse {unknown}
 e - 5 scrolls of identify {unknown}
 f - 5 scrolls of fear {unknown}
 o - a scroll of enchant weapon {unknown}
 p - a scroll of magic mapping {unknown}
Potions
 k - 2 potions of curing {unknown}
 l - a potion of flight
 n - a potion of agility {unknown}
 q - a potion of haste {unknown}
Comestibles
 d - 8 rations


   Skills:
 - Level 2.1 Dodging
 - Level 3.5 Stealth
 + Level 0.9 Shields
 - Level 2.5 Spellcasting
 - Level 0.8 Transmutations
 + Level 6.8 Earth Magic


You had 6 spell levels left.
You knew the following spells:

 Your Spells              Type           Power        Failure   Level  Hunger
a - Sandblast             Erth           ###...       1%          1    #......
w - Passwall              Tmut/Erth      ##......     8%          2    ##.....

Your spell library contained the following spells:

 Spells                   Type           Power        Failure   Level  Hunger
 Beastly Appendage        Tmut           #.....       17%         1    #......
 Stone Arrow              Conj/Erth      ##....       19%         3    ###....
 Sticks to Snakes         Tmut           #.......     26%         2    ##.....
 Lee's Rapid Deconstruct  Erth           ###.......   38%         5    ######.
 Petrify                  Tmut/Erth      ##......     45%         4    #####..
 Spider Form              Tmut/Pois      #.........   54%         3    ###....
 Ice Form                 Ice/Tmut       #.......     91%         4    #####..
 Blade Hands              Tmut           #.........   99%         5    ######.


Dungeon Overview and Level Annotations

Branches:
Dungeon (4/15)
 Temple: D:4-7

Altars:
The Shining One


Innate Abilities, Weirdness & Mutations

You are resistant to damage.
You can heal yourself by infusing magical energy.
You passively map a small area around you.
You do not regenerate.


Message History

A goblin comes into view. It is wielding a +0 club.
The goblin shouts!
You see here a fizzy blue potion.
q - a fizzy blue potion
Aim: a goblin, wielding a +0 club The blast of sand hits the goblin!
You kill the goblin!
b - 40 stones You now have 6/8 mp.
Things that are here:
a +0 club; a goblin corpse You butcher the goblin corpse.
r - a chunk of flesh {@w0}
Things that are here:
a +0 club; a goblin skeleton Eating a chunk of flesh {@w0}.
You eat the chunk of flesh {@w0}.
MP restored: 8
Aim: a dart slug (clinging, hasn't noticed you)
The blast of sand hits the dart slug!!
You kill the dart slug!
b - 39 stones You now have 7/8 mp.
d - 8 rations (gained 1) MP restored: 8
Found an escape hatch in the floor.
A goblin comes into view.
You see here a scroll labeled MONNIE ROMA.
e - 5 scrolls labeled MONNIE ROMA (gained 1)
The goblin shouts!
The goblin hits you.
You take 1 damage, and have 13/42 hp.
You hit the goblin. The goblin hits you but does no damage.
Aim: a goblin (severely wounded)
The blast of sand hits the goblin!!
You kill the goblin!
b - 38 stones You now have 7/8 mp.
Found a stone staircase leading down.
MP restored: 8 You now have 195 gold pieces (gained 12).
There is a stone staircase leading up here.
k - 2 ruby potions (gained 1)
There is a stone staircase leading down here.
You climb downwards.
You hear the hiss of flowing sand.
There is an entrance to an ossuary on this level.
Hurry and find it before the portal is buried!
There is a stone staircase leading up here.
A ball python comes into view.
The ball python hisses angrily.
A worm comes into view.
Aim: a ball python The blast of sand hits the ball python!
You kill the ball python!
b - 37 stones You now have 7/8 mp.
You can't see any susceptible monsters within range! (Use Z to cast anyway.) Unknown command.
Aim: a worm The blast of sand hits the worm!
b - 36 stones You now have 6/8 mp.
Aim: a worm (severely wounded)
The blast of sand hits the worm.
b - 35 stones You now have 5/8 mp.
You hit the worm. The worm bites you.
* * * LOW HITPOINT WARNING * * *
You take 1 damage, and have 12/42 hp.
Aim: a worm (severely wounded)
The blast of sand hits the worm!
You kill the worm!
b - 34 stones You now have 4/8 mp.
You don't know that spell.
You see here a ball python corpse.
You see here a hand axe.
f - 5 scrolls labeled GAULIST SUKHLO (gained 3)
An orc and an orc wizard come into view.
An orc comes into view. It is wielding a +1 mace of protection.
The orc moves out of view.
The orc shouts! x2; The orc wizard shouts!
You hear a shout!
The orc wizard mumbles some strange words.
The orc wizard seems to speed up.
Aim: an orc, wielding a +1 mace of protection and wearing a +0 leather armour The blast of sand hits the orc but does no damage.
b - 33 stones The orc hits you with a +1 mace of protection.
* * * LOW HITPOINT WARNING * * *
You take 3 damage, and have 9/42 hp.
You now have 5/8 mp.
Aim: an orc, wielding a +1 mace of protection and wearing a +0 leather armour The blast of sand hits the orc.
b - 32 stones You now have 4/8 mp.
An orc comes into view. It is wielding a +0 club.
It was a potion of flight.
You feel very buoyant.
You fly up into the air.
The orc wizard gestures at you while chanting.
The magic dart hits you!
You die...

###o * ...#*
, #..###
#...# #o# ,*
,*#o# #.# **
* #o# #.# * *
#.# #.# , * *
#@# #.# * **
* #.# #.# *
,* #.# #.# ,,
#.# #.# * ***
#.#########<#
#..)†.......#
#############


You could see an orc wizard and 2 orcs.

Vanquished Creatures
  Terence (D:2)
  10 adders
  An ooze (D:1)
  2 worms
  A dart slug (D:3)
  A leopard gecko (D:3)
  6 bats
  3 giant cockroaches
  7 goblins
  8 hobgoblins
  2 jackals (D:1)
  A kobold (D:1)
  A quokka (D:2)
  A ball python (D:4)
  7 frilled lizards
  14 rats
66 creatures vanquished.

Notes
Turn   | Place    | Note
-------+----------+-------------------------------------------
     0 | D:1      | Elminster the Deep Dwarf Earth Elementalist began the quest
                  | for the Orb.
     0 | D:1      | Reached XP level 1. HP: 15/15 MP: 3/3
   146 | D:1      | Reached skill level 2 in Spellcasting
   204 | D:1      | Reached XP level 2. HP: 17/22 MP: 0/5
   419 | D:1      | Reached XP level 3. HP: 19/28 MP: 3/6
   504 | D:2      | Reached skill level 5 in Earth Magic
   539 | D:2      | Learned a level 2 spell: Passwall
   658 | D:2      | Reached XP level 4. HP: 21/36 MP: 4/7
   680 | D:2      | Reached skill level 6 in Earth Magic
   754 | D:2      | Reached skill level 3 in Stealth
   761 | D:2      | Found a glowing golden altar of the Shining One.
   780 | D:2      | Noticed Terence
   834 | D:2      | Killed Terence
   834 | D:2      | Reached XP level 5. HP: 23/42 MP: 0/8
   980 | D:3      | Found a glowing golden altar of the Shining One.
  1338 | D:4      | HP: 9/42 [orc/+1 mace of protection (3)]
  1342 | D:4      | Killed from afar by an orc wizard

Levels and vault maps discovered:
D:1:      wander_arrival_fairy_ring, layout_loops_ring
D:2:      layout_rooms, lemuel_coloured_pillars_altar, uniq_terence
D:3:      layout_basic, first_ration, nicolae_tso_carved_into_rock
D:4:      layout_loops_ring, lemuel_doored_altar, marbit_many_paths,
          enter_ossuary_5

Skill      XL: |  1  2  3  4 |
---------------+-------------+-----
Spellcasting   | 2 |  2.5
Earth Magic    | 5 6 |  6.8
Stealth        | 3 |  3.5
Dodging        | |  2.1
Shields        | |  0.9
Transmutations | |  0.8

Action                   |  1- 3 |  4- 6 || total
-------------------------+-------+-------++-------
Melee: Dagger            |    50 |    46 ||    96
 Cast: Sandblast         |    36 |    43 ||    79
       Passwall          |     2 |       ||     2
  Use: Potion            |       |     3 ||     3
 Stab: Sleeping          |     1 |     5 ||     6
       Invisible         |       |     2 ||     2
  Eat: Chunk             |       |     2 ||     2
Armor: Robe              |    15 |     4 ||    19
       Skin              |       |    13 ||    13
       Leather armour    |       |     3 ||     3
Dodge: Dodged            |    42 |    25 ||    67

Table legend:
 A = Non-vault XP
 B = Vault XP
 C = Vault XP percentage of total XP
 D = Non-vault monster count
 E = Vault monster count
 F = Vault count percentage of total count
                 A         B        C        D         E       F
            +---------+---------+-------+---------+---------+-------
      Total |     229 |      32 |  12.3 |      65 |       1 |   1.5
            +---------+---------+-------+---------+---------+-------
        D:1 |      43 |       0 |   0.0 |      26 |       0 |   0.0
        D:2 |     123 |      32 |  20.6 |      19 |       1 |   5.0
        D:3 |      57 |       0 |   0.0 |      18 |       0 |   0.0
        D:4 |       6 |       0 |   0.0 |       2 |       0 |   0.0
            +---------+---------+-------+---------+---------+-------

Levels and vault maps discovered:
D:1:      wander_arrival_fairy_ring, layout_loops_ring
D:2:      layout_rooms, lemuel_coloured_pillars_altar, uniq_terence
D:3:      layout_basic, first_ration, nicolae_tso_carved_into_rock
D:4:      layout_loops_ring, lemuel_doored_altar, marbit_many_paths,
          enter_ossuary_5

Table legend:
 A = Turns spent in this place as a percentage of turns spent in the entire game.
 B = Non-inter-level travel turns spent in this place as a percentage of non-inter-level travel turns spent in the entire game.
 C = Inter-level travel turns spent in this place as a percentage of turns spent in this place.
 D = Turns resting spent in this place as a percentage of non-inter-level travel turns spent in this place.
 E = Turns spent auto-exploring this place as a percentage of non-inter-level travel turns spent in this place.
 F = Non-inter-level travel turns spent in this place divided by the number of levels of this place that you've seen.
                   A       B       C       D       E      F
               +-------+-------+-------+-------+-------+----------------------
         Total | 100.0 | 100.0 |   0.9 |   0.7 |   0.0 | 332.5
       Dungeon | 100.0 | 100.0 |   0.9 |   0.7 |   0.0 | 332.5
               +-------+-------+-------+-------+-------+----------------------

Table legend:
 A = Kills in this place as a percentage of kills in entire the game.
 B = Kills by you in this place as a percentage of kills by you in the entire game.
 C = Kills by friends in this place as a percentage of kills by friends in the entire game.
 D = Other kills in this place as a percentage of other kills in the entire game.
 E = Experience gained in this place as a percentage of experience gained in the entire game.
 F = Experience gained in this place divided by the number of levels of this place that you have seen.
                   A       B       C       D       E      F
               +-------+-------+-------+-------+-------+----------------------
         Total | 100.0 | 100.0 |   N/A |   N/A | 100.0 |  65.2
       Dungeon | 100.0 | 100.0 |   N/A |   N/A | 100.0 |  65.2
               +-------+-------+-------+-------+-------+----------------------
